 Dungeon Crawl Stone Soup version 0.29-a0-369-gd956c00756 (webtiles) character file.

Game seed: 17954505805292166149

168 ptdevnull the Ducker (level 5, -1/47 HPs)
             Began as a Gnoll Monk on May 1, 2022.
             Killed by divine providence
             ... invoked by an orc priest
              (14 damage)
             ... on level 3 of the Dungeon.
             The game lasted 00:04:26 (2118 turns).

ptdevnull the Ducker (Gnoll Monk)                   Turns: 2118, Time: 00:04:26

Health: -1/47      AC:  7    Str: 11    XL:     5   Next: 48%
Magic:  7/7        EV: 13    Int: 11    God:
Gold:   110        SH:  0    Dex: 14    Spells: 7/7 levels left

rFire   + . .      SeeInvis .   o - +9 spear "Vewkes" {flame, rElec rF+}
rCold   . . .      Faith    .   (no shield)
rNeg    . . .      Spirit   .   j - +0 ring mail
rPois   .          Reflect  .   (no helmet)
rElec   +          Harm     .   m - +1 cloak
rCorr   .          Rampage  .   (no gloves)
Will    .....                   (no boots)
Stlth   ++........              (no amulet)
HPRegen 0.15/turn               (no ring)
MPRegen 0.10/turn               (no ring)

@: no status effects
A: fangs 1, strong nose, distributed training
a: no special abilities


You were on level 3 of the Dungeon.
You visited 1 branch of the dungeon, and saw 3 of its levels.

You collected 110 gold pieces.

Inventory:

Hand Weapons
 a - a +0 falchion
 o - the +9 spear "Vewkes" (weapon) {flame, rElec rF+}
   (You found it on level 2 of the Dungeon)

   It burns those it strikes, dealing additional fire damage.
   rF:        It protects you from fire.
   rElec:     It insulates you from electricity.
Armour
 b - a +0 robe
 j - a +0 ring mail (worn)
 k - an orb of guile
 m - a +1 cloak (worn)
Scrolls
 d - 4 scrolls of identify {unknown}
 e - a scroll of blinking {unknown}
 g - 2 scrolls of enchant armour {unknown}
 l - a scroll of amnesia {unknown}
 n - 2 scrolls of fog {unknown}
Potions
 c - a potion of ambrosia
 f - a potion of invisibility {unknown}
 h - a potion of heal wounds
 i - a potion of might {unknown}


   Skills:
 + Level 6.7 Fighting
 + Level 1.5 Short Blades
 + Level 6.7 Long Blades
 + Level 1.5 Axes
 + Level 1.5 Maces & Flails
 + Level 1.5 Polearms
 + Level 1.5 Staves
 + Level 1.5 Slings
 + Level 1.5 Bows
 + Level 1.5 Crossbows
 + Level 1.5 Throwing
 + Level 1.5 Armour
 + Level 6.7 Dodging
 + Level 4.4 Stealth
 + Level 1.5 Shields
 + Level 1.5 Unarmed Combat
 + Level 1.5 Spellcasting
 + Level 1.2 Conjurations
 + Level 1.2 Hexes
 + Level 1.2 Summonings
 + Level 1.2 Necromancy
 + Level 1.2 Translocations
 + Level 1.2 Transmutations
 + Level 1.2 Fire Magic
 + Level 1.2 Ice Magic
 + Level 1.2 Air Magic
 + Level 1.2 Earth Magic
 + Level 1.2 Poison Magic
 + Level 1.7 Invocations
 + Level 1.5 Evocations


You had 7 spell levels left.
You didn't know any spells.
Your spell library was empty.

Dungeon Overview and Level Annotations

Branches:
Dungeon (3/15)

Altars:


Innate Abilities, Weirdness & Mutations

You have very sharp teeth.
Your uncanny sense of smell can sniff out nearby items.
Your experience applies equally to all skills.


Message History

You kill the jackal!
The goblin shoots a sling bullet.
The sling bullet barely misses you.
You reach to attack!
You hit the goblin. You burn the goblin.
You kill the goblin!
You reach to attack!
You miss the adder. You closely miss the adder. The adder barely misses you.
An orc priest comes into view. It is wielding a +0 mace.
The adder bites you.
You miss the adder. Your bite misses the adder. The adder bites you.
You completely miss the adder. The adder completely misses you.
The adder misses you.
You miss the adder. Your bite misses the adder.
The adder completely misses you. The orc completely misses you.
You closely miss the adder. The adder closely misses you.
The orc hits you but does no damage.
You hit the adder. You burn the adder.
The adder is heavily wounded.
The adder closely misses you.
The orc hits you with a +1 hand axe of freezing.
The orc freezes you. The adder closely misses you.
You closely miss the adder.
The adder is heavily wounded.
The adder bites you but does no damage. The orc closely misses you.
The orc priest misses you.
You puncture the adder! You burn the adder.
You kill the adder!
The orc priest calls down the wrath of Beogh upon you.
You barely resist. The orc closely misses you.
You hit the orc priest but do no damage.
The orc priest invokes the aid of Beogh against you.
Pain shoots through your body!
The orc hits you with a +1 hand axe of freezing.
* * * LOW HITPOINT WARNING * * *
The orc freezes you.
* * * LOW HITPOINT WARNING * * *
You hit the orc priest but do no damage.
You bite the orc priest, but do no damage.
The orc priest mumbles some strange prayers to Beogh against you.
Beogh smites you!
You die...

...............
...............
...............
...?.
..?............
.....
#..............
.....
#....).........
.....
......)........
...
.......@o......
..
.......o.......
∆
##.####..#.....
.... .... . ∆
#.### ..[ ..##
#.# .. #... ...
. .... ..# ####


You could see an orc priest and an orc.

Vanquished Creatures
  A hound (D:2)
  Jessica (D:2)
  An orc wizard (D:3)
  3 adders
  3 dart slugs
  2 orcs (D:3)
  4 bats
  An endoplasm (D:2)
  7 giant cockroaches
  3 goblins
  2 hobgoblins
  4 jackals
  2 quokkas
  8 ball pythons
  2 frilled lizards (D:1)
  6 kobolds
  6 rats
56 creatures vanquished.

Notes
Turn   | Place    | Note
-------+----------+-------------------------------------------
     0 | D:1      | ptdevnull the Gnoll Monk began the quest for the Orb.
     0 | D:1      | Reached XP level 1. HP: 23/23 MP: 1/1
   188 | D:1      | Reached XP level 2. HP: 26/29 MP: 2/2
   842 | D:1      | Reached XP level 3. HP: 35/35 MP: 3/3
  1135 | D:2      | Reached skill level 1 in Invocations
  1178 | D:2      | Reached skill level 1 in Short Blades
  1178 | D:2      | Reached skill level 1 in Axes
  1178 | D:2      | Reached skill level 1 in Maces & Flails
  1178 | D:2      | Reached skill level 1 in Polearms
  1178 | D:2      | Reached skill level 1 in Staves
  1178 | D:2      | Reached skill level 1 in Slings
  1178 | D:2      | Reached skill level 1 in Bows
  1178 | D:2      | Reached skill level 1 in Crossbows
  1178 | D:2      | Reached skill level 1 in Throwing
  1178 | D:2      | Reached skill level 1 in Armour
  1178 | D:2      | Reached skill level 1 in Shields
  1178 | D:2      | Reached skill level 1 in Unarmed Combat
  1178 | D:2      | Reached skill level 1 in Spellcasting
  1178 | D:2      | Reached skill level 1 in Evocations
  1405 | D:2      | Identified the +9 spear "Vewkes" {flame, rElec rF+}
  1442 | D:2      | Noticed Jessica
  1449 | D:2      | Killed Jessica
  1450 | D:2      | Reached XP level 4. HP: 41/41 MP: 5/5
  1562 | D:2      | Reached skill level 1 in Conjurations
  1562 | D:2      | Reached skill level 1 in Hexes
  1562 | D:2      | Reached skill level 1 in Summonings
  1562 | D:2      | Reached skill level 1 in Necromancy
  1562 | D:2      | Reached skill level 1 in Translocations
  1562 | D:2      | Reached skill level 1 in Transmutations
  1562 | D:2      | Reached skill level 1 in Fire Magic
  1562 | D:2      | Reached skill level 1 in Ice Magic
  1562 | D:2      | Reached skill level 1 in Air Magic
  1562 | D:2      | Reached skill level 1 in Earth Magic
  1562 | D:2      | Reached skill level 1 in Poison Magic
  1795 | D:3      | Reached XP level 5. HP: 24/47 MP: 6/6
  2118 | D:3      | Killed from afar by an orc priest

Illustrated notes

Levels and vault maps discovered:
D:1:      lightli_arrival_isolated_outpost, layout_basic,
          minmay_misc_feat_four_crosses
D:2:      layout_basic, chequers_jeans, uniq_jessica
D:3:      layout_rooms

Skill      XL: |  1  2  3  4 |
---------------+-------------+-----
Invocations    | 1 |  1.7
Short Blades   | 1 |  1.5
Axes           | 1 |  1.5
Maces & Flails | 1 |  1.5
Polearms       | 1 |  1.5
Staves         | 1 |  1.5
Slings         | 1 |  1.5
Bows           | 1 |  1.5
Crossbows      | 1 |  1.5
Throwing       | 1 |  1.5
Armour         | 1 |  1.5
Shields        | 1 |  1.5
Unarmed Combat | 1 |  1.5
Spellcasting   | 1 |  1.5
Evocations     | 1 |  1.5
Conjurations   | 1 |  1.2
Hexes          | 1 |  1.2
Summonings     | 1 |  1.2
Necromancy     | 1 |  1.2
Translocations | 1 |  1.2
Transmutations | 1 |  1.2
Fire Magic     | 1 |  1.2
Ice Magic      | 1 |  1.2
Air Magic      | 1 |  1.2
Earth Magic    | 1 |  1.2
Poison Magic   | 1 |  1.2
Fighting       | |  6.7
Long Blades    | |  6.7
Dodging        | |  6.7
Stealth        | |  4.4

Action                   |  1- 3 |  4- 6 || total
-------------------------+-------+-------++-------
Melee: Falchion          |    80 |       ||    80
       Bite              |     7 |     2 ||     9
       Spear             |     3 |    44 ||    47
  Use: Potion            |       |     2 ||     2
 Stab: Sleeping          |    15 |     2 ||    17
Armor: Robe              |     7 |       ||     7
       Ring mail         |    11 |    24 ||    35
Dodge: Dodged            |    54 |    45 ||    99

Table legend: (Time is in decaauts)
 A = Elapsed time spent in this place.
 B = Non-inter-level travel time spent in this place.
 C = Inter-level travel time spent in this place.
 D = Time resting spent in this place.
 E = Time spent auto-exploring this place.
 F = Levels seen in this place.
 G = Mean time per level.
                   A        B        C        D        E       F      G
               +--------+--------+--------+--------+--------+-----+--------+
         Total |   2123 |   2016 |    107 |    290 |   1332 |   3 |  707.7 |
       Dungeon |   2123 |   2016 |    107 |    290 |   1332 |   3 |  707.7 |
               +--------+--------+--------+--------+--------+-----+--------+

Top non-repeatable levels by time:
     D:1: 1089 daAuts
     D:2: 981 daAuts
     D:3: 53 daAuts
